 Dungeon Crawl Stone Soup version 0.22-a0-848-ge9e22a0 (webtiles) character file.

80686 Kuinu the Warrior (level 15, -1/149 HPs)
             Began as a Minotaur Fighter on July 26, 2018.
             Was a High Priest of Trog.
             Slain by a two-headed ogre
             ... wielding a +0 giant club
              (2 damage)
             ... while paralysed by an orc sorcerer
             ... on level 2 of the Orcish Mines.
             The game lasted 01:21:11 (23324 turns).

Kuinu the Warrior (Minotaur Fighter)               Turns: 23324, Time: 01:21:15

Health: -1/149     AC: 24    Str: 26    XL:     15   Next: 24%
Magic:  14/14      EV:  2    Int:  5    God:    Trog [*****.]
Gold:   485        SH:  0    Dex: 20    Spells: 14/14 levels left

rFire    . . .     SeeInvis +   Z - +7 scimitar (elec)
rCold    . . .     Gourm    .   k - +0 large shield
rNeg     . . .     Faith    .   Q - +3 plate armour of Magic {rElec}
rPois    +         Spirit   .   B - +2 hat {SInv}
rElec    +         Reflect  .   w - scarf {repulsion}
rCorr    .         Harm     .   c - +2 pair of gloves
MR       +....                  (no boots)
Stlth    ..........             j - amulet of Xom's Malicious Joy {RegenMP rPois Dex+6}
HPRegen  0.34/turn              s - +3 ring of evasion
MPRegen  0.39/turn              L - +3 ring of dexterity

@: paralysed, repel missiles
A: retaliatory headbutt, horns 2
a: Berserk, Trog's Hand, Brothers in Arms, Renounce Religion


You were on level 2 of the Orcish Mines.
You worshipped Trog.
Trog was extremely pleased with you.
You were hungry.

You visited 4 branches of the dungeon, and saw 22 of its levels.
You also visited: Ice Cave.

You collected 1939 gold pieces.
You spent 1454 gold pieces at shops.

Inventory:

Hand Weapons
 l - a +4 great sword of protection
 y - a +6 scimitar of flaming
 O - a +5 antimagic scimitar
 U - a +1 long sword of holy wrath
 W - a +4 long sword of slicing
 Z - a +7 scimitar of electrocution (weapon)
Missiles
 V - 5 poisoned tomahawks (quivered)
Armour
 c - a +2 pair of gloves (worn)
 k - a +0 large shield (worn)
 u - a +0 shield of reflection
 v - the +1 ring mail of Duck's Teeth {Str+4}
   (You found it on level 12 of the Dungeon)

   It affects your strength (+4).
 w - a scarf of repulsion (worn)
 z - a +2 plate armour of magic resistance
 B - a +2 hat of see invisible (worn)
 Q - the +3 plate armour of Magic (worn) {rElec}
   (You found it on level 6 of the Lair of Beasts)

   It insulates you from electricity.
Jewellery
 g - an uncursed ring of fire
 i - an uncursed ring of ice
 j - the amulet of Xom's Malicious Joy (around neck) {RegenMP rPois Dex+6}
   (You found it on level 6 of the Lair of Beasts)

   [amulet of magic regeneration]

   It increases your magic regeneration.
   It affects your dexterity (+6).
   It protects you from poison.
 q - an uncursed amulet of guardian spirit
 s - a +3 ring of evasion (left hand)
 L - a +3 ring of dexterity (right hand)
 P - an uncursed ring of protection from cold
 S - an uncursed ring of positive energy
Wands
 d - a wand of iceblast (1)
 A - a wand of polymorph (30)
 C - a wand of random effects (26)
 G - a wand of acid (10)
 H - a wand of clouds (6)
 J - a wand of paralysis (31)
 K - a wand of flame (25)
 N - a wand of disintegration (13)
 X - a wand of enslavement (8)
Scrolls
 a - 2 scrolls of fear
 b - a scroll of identify
 e - 4 scrolls of teleportation
 h - 2 scrolls of blinking
 m - 6 scrolls of remove curse
 o - 2 scrolls of magic mapping
 t - 3 scrolls of enchant armour
 x - 6 scrolls of immolation
 E - 6 scrolls of enchant weapon
Potions
 n - a potion of invisibility
 r - 2 potions of brilliance
 D - 3 potions of curing
 F - a potion of heal wounds
 I - a potion of resistance
 M - 6 potions of flight
 R - 4 potions of magic
 T - a potion of might
 Y - 2 potions of ambrosia
Comestibles
 f - 22 rations
 p - 39 chunks of flesh


   Skills:
 * Level 18.1 Fighting
 * Level 17.9 Long Blades
 + Level 13.5 Armour
 + Level 13.5 Shields


You had 14 spell levels left.
You didn't know any spells.
Your spell library contained the following spells:

 Spells                   Type           Power        Failure   Level  Hunger
 Confuse                  Hex            #.......     100%        3    ####...
 Confusing Touch          Hex            #.....       100%        1    ##.....
 Metabolic Englaciation   Hex/Ice        #.........   100%        5    ######.
 Petrify                  Tmut/Erth      #.......     100%        4    #####..
 Gell's Gravitas          Tloc           #.........   100%        3    ####...
 Yara's Violent Unravell  Hex/Tmut       #.........   100%        5    ######.


Dungeon Overview and Level Annotations

Branches:
Dungeon (13/15)            Temple (1/1) D:4            Lair (6/6) D:10
  Swamp (0/4) Lair:4        Snake (0/4) Lair:2        Slime (0/5) Lair:5
    Orc (2/2) D:10            Elf (0/3) Orc:2
 Vaults: D:13-14

Altars:
Ashenzari
Cheibriados
Dithmenos
Elyvilon
Fedhas
Gozag
Hepliaklqana
Kikubaaqudgha
Makhleb
Nemelex Xobeh
Okawaru
Qazlal
Ru
Sif Muna
Trog
Uskayaw
Vehumet
Wu Jian
Xom
Yredelemnul
Zin
The Shining One
Beogh
Jiyva

Shops:
D:6 !   D:9 *(   D:12 !   Orc:1 *   Orc:2 ?!

Annotations:
D:6 Sigmund


Innate Abilities, Weirdness & Mutations

You reflexively headbutt those who attack you in melee.
You have a pair of horns on your head.


Message History

The warg barely misses you. The orc knight barely misses you.
The two-headed ogre hits you but does no damage.
The two-headed ogre hits you with a giant club.
The warg bites you!
* * * LOW HITPOINT WARNING * * *
The orc knight hits you with a great sword!
* * * LOW HITPOINT WARNING * * *
The warg bites you but does no damage.
The two-headed ogre hits you with a giant club.
* * * LOW HITPOINT WARNING * * *
The two-headed ogre hits you with a giant club.
* * * LOW HITPOINT WARNING * * *
The warg bites you!
* * * LOW HITPOINT WARNING * * *
The orc knight hits you with a great sword.
* * * LOW HITPOINT WARNING * * *
The two-headed ogre hits you with a giant club!
* * * LOW HITPOINT WARNING * * *
The two-headed ogre hits you with a giant club.
You die...

#.##'##.#..≈≈≈≈≈≈
#.#...#.').≈§≈≈≈#
+###+##.#)..###..≈§≈≈##
........†)_.'.########
#####'###...#.#
..#.....#...#.# ####
..#))...#####.# o..###
..')))..# #.###o....##
..#.)...# #.'.@h4.$...
..#.....# #####O....##
..####### ...###
........##. ####
.))........ )))).......
## )))........ ##.##
......<...###...####
##........##..#....##


You could see an orc knight, a two-headed ogre, a rust devil, a warg and an orc
sorcerer.

Vanquished Creatures
  Saint Roka (Orc:2)
  Rupert (Lair:4)
  Gastronok (D:9)
  Donald (Orc:2)
  A stone giant (Orc:1)
  4 dire elephants (Lair:6)
  Snorg (D:10)
  Erolcha (Orc:2)
  2 hydras
  An anaconda (Lair:6)
  4 two-headed ogres
  The ghost of azzavlup the Basher, a novice MiBe of Trog (D:7)
  3 death yaks (Lair:3)
  4 orc high priests (Orc:2)
  5 skeletal warriors (D:11)
  2 unseen horrors
  2 orc sorcerers (Orc:2)
  An orc knight (Orc:2)
  An ugly thing (IceCv)
  6 cyclopes
  3 manticores (D:12)
  Maurice (Orc:1)
  17 elephants
  A gargoyle (D:11)
  16 spiny frogs
  3 ice statues (IceCv)
  11 komodo dragons
  2 ice devils (Lair:5)
  2 tyrant leeches (Lair:4)
  A polar bear (Lair:2)
  5 trolls
  A hornet (D:11)
  Grinder (D:4)
  8 blink frogs (Lair:6)
  13 dream sheep (Lair:6)
  10 hippogriffs
  2 spriggans (Lair:2)
  A wyvern (Lair:2)
  52 yaks
  2 basilisks
  3 hungry ghosts
  6 wargs
  4 nagas (Lair:2)
  An acid dragon (D:11)
  9 ice beasts
  6 porcupines
  12 water moccasins
  2 sky beasts
  An eye of draining (D:12)
  33 orc warriors
  6 black bears
  A necrophage (D:10)
  15 ogres
  A phantom (D:11)
  6 wolves
  14 centaurs
  4 big kobolds
  6 crocodiles
  13 bullfrogs
  4 scorpions
  18 killer bees
  7 wights
  2 howler monkeys
  3 electric eels (Lair:5)
  6 crimson imps
  A lava snake (Lair:5)
  A centaur zombie (D:9)
  8 hounds
  4 quasits
  3 bullfrog zombies
  A jelly (D:5)
  25 orc priests
  5 bullfrog skeletons
  14 orc wizards
  5 iguanas
  13 worker ants
  2 hound zombies
  2 worker ant zombies
  13 adders
  10 gnolls
  4 shadow imps
  An adder zombie (D:8)
  3 worms
  2 dart slugs
  5 leopard geckos
  89 orcs
  7 bats
  6 giant cockroaches
  5 goblins
  A hobgoblin (D:1)
  2 jackals
  18 kobolds
  3 quokkas
  A ball python (D:1)
  5 frilled lizards
  A rat (D:3)
  A fungus (D:5)
  4 plants
643 creatures vanquished.

Vanquished Creatures (collateral kills)
  4 orcs (Orc:2)
4 creatures vanquished.

Vanquished Creatures (others)
  An ugly thing (IceCv)
  A wight (D:11)
  An adder (D:4)
  An orc (Orc:2)
  5 fungi
  4 plants
13 creatures vanquished.

Grand Total: 660 creatures vanquished

Notes
Turn   | Place    | Note
-------+----------+-------------------------------------------
     0 | D:1      | Kuinu the Minotaur Fighter began the quest for the Orb.
     0 | D:1      | Reached XP level 1. HP: 19/19 MP: 0/0
   111 | D:1      | Reached XP level 2. HP: 27/27 MP: 1/1
   213 | D:1      | Reached skill level 4 in Fighting
   650 | D:2      | Found a basalt altar of Yredelemnul.
   657 | D:2      | Found an opulent altar of Gozag.
   662 | D:2      | Found a deep blue altar of Sif Muna.
   669 | D:2      | Found an ancient bone altar of Kikubaaqudgha.
   674 | D:2      | Found a radiant altar of Vehumet.
   681 | D:2      | Found a hazy altar of Hepliaklqana.
   686 | D:2      | Found a glowing golden altar of the Shining One.
   695 | D:2      | Reached XP level 3. HP: 33/33 MP: 2/2
  1447 | D:3      | Noticed an ogre
  1453 | D:3      | Killed an ogre
  1453 | D:3      | Reached skill level 5 in Fighting
  1453 | D:3      | Reached XP level 4. HP: 22/42 MP: 3/3
  1453 | D:3      | Reached XP level 5. HP: 25/48 MP: 4/4
  2035 | D:4      | Noticed Grinder
  2039 | D:4      | Reached XP level 6. HP: 51/56 MP: 5/5
  2128 | D:3      | Reached skill level 5 in Long Blades
  2416 | D:4      | Noticed a hippogriff
  2425 | D:4      | Killed a hippogriff
  2425 | D:4      | Reached skill level 6 in Fighting
  2425 | D:4      | Reached skill level 5 in Armour
  2425 | D:4      | Reached skill level 5 in Shields
  2425 | D:4      | Reached XP level 7. HP: 49/64 MP: 6/6
  2458 | D:4      | Found a staircase to the Ecumenical Temple.
  2467 | Temple   | Entered the Ecumenical Temple
  2696 | D:4      | Paralysed by Grinder for 3 turns
  2715 | D:4      | Killed Grinder
  2718 | D:4      | Reached skill level 7 in Fighting
  2917 | D:4      | Found a shadowy altar of Dithmenos.
  2939 | D:4      | Found a bloodstained altar of Trog.
  2945 | D:4      | Became a worshipper of Trog the Wrathful
  3063 | D:5      | Entered Level 5 of the Dungeon
  3270 | D:5      | Reached XP level 8. HP: 50/73 MP: 5/7
  3680 | D:5      | Reached skill level 8 in Fighting
  3946 | D:6      | Noticed Sigmund
  4011 | D:6      | Reached * piety under Trog
  4100 | D:6      | Found Xisukhi's Distillery.
  4523 | D:6      | Found a blossoming altar of Fedhas.
  4637 | D:7      | Reached skill level 9 in Fighting
  4637 | D:7      | Reached XP level 9. HP: 66/83 MP: 8/8
  5095 | D:7      | Found a transporter.
  5097 | D:7      | Noticed azzavlup's ghost (novice MiBe)
  5192 | D:7      | Found a transporter.
  5254 | D:7      | Found a bloodstained altar of Trog.
  5429 | D:7      | You fall through a shaft for 3 floors!
  5429 | D:10     | Entered Level 10 of the Dungeon
  5492 | D:10     | Noticed a two-headed ogre
  5504 | D:10     | Killed a two-headed ogre
  5504 | D:10     | Reached skill level 10 in Fighting
  5504 | D:10     | Reached skill level 10 in Long Blades
  5508 | D:10     | Reached ** piety under Trog
  5519 | D:10     | Found a staircase to the Orcish Mines.
  5558 | D:9      | Noticed Gastronok
  5583 | D:9      | Killed Gastronok
  5583 | D:9      | Reached skill level 11 in Fighting
  5583 | D:9      | Reached XP level 10. HP: 48/96 MP: 2/9
  6001 | D:9      | Noticed a two-headed ogre
  6012 | D:9      | Killed a two-headed ogre
  6080 | D:9      | Found Viep's Antique Weapon Shop.
  6449 | D:9      | Found Qymnevan's General Store.
  6457 | D:9      | Bought a potion of curing for 48 gold pieces
  6457 | D:9      | Bought 2 potions of heal wounds for 160 gold pieces
  6457 | D:9      | Bought a scroll of vulnerability for 120 gold pieces
  6767 | D:8      | Reached skill level 12 in Fighting
  6896 | D:8      | Reached *** piety under Trog
  6953 | D:8      | Found a stormy altar of Qazlal.
  6967 | D:8      | Reached XP level 11. HP: 101/104 MP: 10/10
  7442 | D:7      | Killed azzavlup's ghost
  7754 | D:10     | HP: 5/105 [yak (8)]
  8301 | D:10     | Received a gift from Trog
  8612 | D:10     | Noticed Snorg
  8644 | D:10     | Killed Snorg
  8816 | D:10     | Found a staircase to the Lair.
  9093 | D:11     | Noticed an unseen horror
  9283 | D:11     | Reached skill level 13 in Fighting
  9736 | D:11     | Reached skill level 10 in Shields
  9817 | D:11     | Paralysed by a hornet for 1 turns
  9824 | D:11     | Noticed a skeletal warrior
  9920 | D:11     | Reached skill level 10 in Armour
 10868 | D:12     | Reached XP level 12. HP: 113/115 MP: 11/11
 11022 | D:12     | Got a warped ring mail
 11023 | D:12     | Identified the +1 ring mail of Duck's Teeth {Str+4} (You found it on level 12 of the Dungeon)
 11156 | D:12     | Reached **** piety under Trog
 11181 | D:12     | Found a glowing golden altar of the Shining One.
 11377 | D:12     | Found Amecis's Distillery.
 11380 | D:12     | Bought a potion of might for 44 gold pieces
 11380 | D:12     | Bought a potion of curing for 33 gold pieces
 11380 | D:12     | Bought a potion of curing for 33 gold pieces
 11380 | D:12     | Bought a potion of curing for 33 gold pieces
 11380 | D:12     | Bought a potion of haste for 110 gold pieces
 11380 | D:12     | Bought a potion of haste for 110 gold pieces
 11672 | D:11     | Received a gift from Trog
 11676 | D:11     | Reached skill level 14 in Fighting
 12500 | Lair:1   | Entered Level 1 of the Lair of Beasts
 13420 | Lair:2   | Found a staircase to the Snake Pit.
 13821 | Lair:2   | Reached skill level 15 in Fighting
 13916 | Lair:2   | Reached XP level 13. HP: 122/126 MP: 12/12
 13993 | Lair:2   | Reached ***** piety under Trog
 14244 | Lair:3   | Reached skill level 15 in Long Blades
 15878 | Lair:4   | Found a staircase to the Swamp.
 16080 | Lair:4   | Noticed Rupert
 16080 | Lair:4   | Paralysed by Rupert for 3 turns
 16094 | Lair:4   | Paralysed by Rupert for 7 turns
 16124 | Lair:4   | Killed Rupert
 16431 | Lair:4   | Reached skill level 16 in Fighting
 17061 | Lair:5   | Found a frozen archway.
 17202 | IceCv    | Entered an ice cave
 17826 | Lair:5   | Received a gift from Trog
 17918 | Lair:5   | Found a viscous altar of Jiyva.
 17918 | Lair:5   | Found a staircase to the Slime Pits.
 18224 | Lair:6   | Entered Level 6 of the Lair of Beasts
 18244 | Lair:6   | Reached XP level 14. HP: 76/138 MP: 6/13
 19199 | Lair:6   | Reached skill level 17 in Fighting
 19818 | Lair:6   | Received a gift from Trog
 20276 | Lair:6   | Got a faintly glowing plate armour
 20293 | Lair:6   | Identified the +3 plate armour of Magic {rElec} (You found it on level 6 of the Lair of Beasts)
 20305 | Lair:6   | Got a translucent tin amulet
 20307 | Lair:6   | Identified the amulet of Xom's Malicious Joy {RegenMP rPois Dex+6} (You found it on level 6 of the Lair of Beasts)
 20708 | Orc:1    | Entered Level 1 of the Orcish Mines
 20789 | Orc:1    | Noticed Maurice
 20800 | Orc:1    | Killed Maurice
 20872 | Orc:1    | Noticed a stone giant
 20901 | Orc:1    | Killed a stone giant
 20988 | Orc:1    | Found Xicuuden's General Store.
 21224 | Orc:2    | Entered Level 2 of the Orcish Mines
 21239 | Orc:2    | Noticed Donald
 21261 | Orc:2    | Killed Donald
 21742 | Orc:2    | Found a staircase to the Elven Halls.
 21808 | Orc:2    | Received a gift from Trog
 21911 | Orc:2    | Noticed Saint Roka
 22115 | Orc:2    | Found a roughly hewn altar of Beogh.
 22680 | Orc:2    | Killed Saint Roka
 22680 | Orc:2    | Reached XP level 15. HP: 149/149 MP: 14/14
 22766 | Orc:2    | Reached skill level 18 in Fighting
 22851 | Orc:2    | Found Syfydav's Distillery.
 22982 | Orc:2    | Bought a potion of heal wounds for 70 gold pieces
 22982 | Orc:2    | Bought a potion of resistance for 140 gold pieces
 22982 | Orc:2    | Bought a potion of might for 56 gold pieces
 23014 | Orc:2    | Found Otach's Magic Scroll Shoppe.
 23054 | Orc:2    | Bought a scroll of enchant weapon for 105 gold pieces
 23054 | Orc:2    | Bought a scroll of identify for 28 gold pieces
 23054 | Orc:2    | Bought 3 scrolls of remove curse for 126 gold pieces
 23054 | Orc:2    | Bought a scroll of identify for 28 gold pieces
 23054 | Orc:2    | Bought a scroll of enchant armour for 105 gold pieces
 23054 | Orc:2    | Bought a scroll of blinking for 105 gold pieces
 23141 | Orc:2    | Noticed Erolcha
 23150 | Orc:2    | Killed Erolcha
 23275 | Orc:2    | Found a roughly hewn altar of Beogh.
 23319 | Orc:2    | Paralysed by an orc sorcerer for 5 turns
 23324 | Orc:2    | HP: 1/149 [two-headed ogre/giant club (10)]
 23324 | Orc:2    | Slain by a two-headed ogre

Vault maps used:
D:1:      lemuel_arrival_broad_hall, amethyst_killhole
D:2:      grunt_temple_overflow_octagram, minmay_misc_feat_chi
D:4:      grunt_dithmenos_shadows, kennysheep_little_box,
          lemuel_temple_firewalk_a, uniq_grinder
D:5:      first_ration, minmay_gold_behind_fungi, ldierk_geyser
D:6:      fedhas_altar_fruit_tree, serial_shops, shop_statue, uniq_menkaure,
          uniq_sigmund
D:7:      gammafunk_ghost_stat_death, basic_altar, roderic_roman_lattice
D:8:      lemuel_doored_altar, st_stairs_12
D:9:      serial_shops, nicolae_shop_overgrown_old_shop,
          nicolae_shop_statue_plus, blue_anna_alchemist, uniq_gastronok
D:10:     david_lair_shrubbed, orc_0_dummy, uniq_snorg
D:11:     grunt_decor_cap
D:12:     serial_shops, nicolae_shop_behind_doors,
          nicolae_tso_swordbearing_angel
D:13:     lemuel_upstairs_altar, minmay_door_square, minmay_protected_statue
Temple:   pf_slime_end_temple
Lair:2:   minmay_snake_entry_guardpost_small, st_stairs_5, forest_entry_grove
Lair:4:   minmay_swamp_entry_worms, serial_bayou_shore_b, grunt_megastairs_4,
          uniq_rupert
Lair:5:   slime_altar_1, portal_ice_cave_demonic_guard
Lair:6:   due_jungle_book, st_stairs_7, grunt_megastairs_2
Orc:1:    serial_shops, nicolae_shop_stone, uniq_maurice
Orc:2:    pubby_orc_utopia, uniq_erolcha, uniq_donald
IceCv:    ice_cave_statue_garden_chambered

Skill      XL: |  1  2  3  4  5  6  7  8  9 10 11 12 13 14 15 |
---------------+----------------------------------------------+-----
Fighting       | 4 5 6 7 9 11 12 13 15 16 17 18 | 18.1
Long Blades    | 3 4 5 6 8 10 11 13 14 16 17 | 17.9
Armour         | 4 5 6 8 9 10 11 12 13 | 13.5
Shields        | 4 5 6 8 9 10 11 12 13 | 13.5

Action                   |  1- 3 |  4- 6 |  7- 9 | 10-12 | 13-15 || total
-------------------------+-------+-------+-------+-------+-------++-------
Melee: Long sword        |   105 |    51 |   418 |   930 |   459 ||  1963
       Headbutt          |    18 |    10 |    80 |   217 |   356 ||   681
       Scimitar          |       |       |       |       |   644 ||   644
Invok: Berserk           |       |       |       |     2 |     3 ||     5
       Trog's Hand       |       |       |       |     2 |     3 ||     5
       Brothers in Arms  |       |       |       |       |     1 ||     1
Evoke: Wand              |       |       |       |       |     7 ||     7
  Use: Potion            |     1 |     9 |     6 |    10 |    13 ||    39
       Scroll            |       |       |       |    20 |    13 ||    33
  Eat: Chunk             |     2 |     3 |     7 |    12 |    11 ||    35
       Ration            |       |       |     5 |     5 |     7 ||    17
Armor: Chain mail        |    49 |    56 |    97 |       |       ||   202
       Scale mail        |     2 |       |       |       |       ||     2
       Skin              |       |    16 |       |    21 |       ||    37
       Plate armour      |       |       |    54 |   383 |   310 ||   747
Dodge: Dodged            |    39 |    37 |   135 |   296 |   179 ||   686
       Deflected         |       |       |     2 |    14 |     1 ||    17
Block: Shield            |    53 |    50 |   209 |   569 |    61 ||   942
       Large shield      |       |       |       |       |   756 ||   756
       Rpst.: Long sword |    14 |     8 |    37 |    75 |    12 ||   146
       Scimitar          |       |       |       |       |    17 ||    17

Table legend:
 A = Spawn XP
 B = Non-spawn XP
 C = Spawn XP percentage of total XP
 D = Spawn monster count
 E = Non-spawn monster count
 F = Spawn count percentage of total count
 G = Total turns spent on level
                    A         B        C        D         E        F      G
               +---------+---------+-------+---------+---------+-------+---------
         Total |       0 |  115267 |   0.0 |       0 |     643 |   0.0 | 23324
               +---------+---------+-------+---------+---------+-------+---------
           D:1 |       0 |      21 |   0.0 |       0 |      10 |   0.0 |   373
           D:2 |       0 |      25 |   0.0 |       0 |      13 |   0.0 |   646
           D:3 |       0 |     213 |   0.0 |       0 |      18 |   0.0 |   978
           D:4 |       0 |     991 |   0.0 |       0 |      24 |   0.0 |   927
           D:5 |       0 |     725 |   0.0 |       0 |      22 |   0.0 |   864
           D:6 |       0 |     686 |   0.0 |       0 |      15 |   0.0 |   683
           D:7 |       0 |    2315 |   0.0 |       0 |      31 |   0.0 |  1079
           D:8 |       0 |    1481 |   0.0 |       0 |      27 |   0.0 |   881
           D:9 |       0 |    4666 |   0.0 |       0 |      38 |   0.0 |   956
          D:10 |       0 |    5276 |   0.0 |       0 |      25 |   0.0 |  1735
          D:11 |       0 |   10492 |   0.0 |       0 |      52 |   0.0 |  1804
          D:12 |       0 |    4527 |   0.0 |       0 |      23 |   0.0 |  1494
        Lair:1 |       0 |    2312 |   0.0 |       0 |      10 |   0.0 |   912
        Lair:2 |       0 |    5599 |   0.0 |       0 |      30 |   0.0 |   905
        Lair:3 |       0 |    6554 |   0.0 |       0 |      14 |   0.0 |   885
        Lair:4 |       0 |    9101 |   0.0 |       0 |      20 |   0.0 |  1754
        Lair:5 |       0 |    4297 |   0.0 |       0 |      20 |   0.0 |  1079
        Lair:6 |       0 |   25808 |   0.0 |       0 |      77 |   0.0 |  2227
         Orc:1 |       0 |    4267 |   0.0 |       0 |      26 |   0.0 |   516
         Orc:2 |       0 |   23010 |   0.0 |       0 |     137 |   0.0 |  2100
         IceCv |       0 |    2901 |   0.0 |       0 |      11 |   0.0 |   385
               +---------+---------+-------+---------+---------+-------+---------
